 Dungeon Crawl Stone Soup version 0.29.0-4-gdea44cf6ec (webtiles) character file.

Game seed: 8478743378925543145

7 qw the Sneak (level 2, -2/19 HPs)
             Began as a Gargoyle Delver on Sept 10, 2022.
             Slain by an orc
             ... wielding a +0 antimagic flail
              (3 damage)
             ... on level 5 of the Dungeon.
             The game lasted 00:00:04 (343 turns).

qw the Sneak (Gargoyle Delver)                       Turns: 343, Time: 00:00:05

Health: -2/19      AC:  5    Str: 15    XL:     2   Next: 4%
Magic:  0/2        EV: 11    Int: 10    God:
Gold:   0          SH:  0    Dex: 11    Spells: 1/1 levels left

rFire   . . .      SeeInvis .   a - +0 hand axe
rCold   . . .      Faith    .   (no shield)
rNeg    + . .      Spirit   .   b - +0 leather armour
rPois   inf        Reflect  .   (no helmet)
rElec   +          Harm     .   (no cloak)
rCorr   .          Rampage  .   (no gloves)
Will    .....                   (no boots)
Stlth   +++.......              (no amulet)
HPRegen 0.06/turn               (no ring)
MPRegen 0.08/turn               (no ring)

@: no status effects
A: sickness immunity, AC +2, negative energy resistance 1, electricity
resistance, torment resistance 1, petrification resistance
a: no special abilities


You were on level 5 of the Dungeon.
You visited 1 branch of the dungeon, and saw 1 of its levels.


Innate Abilities, Weirdness & Mutations

You are immune to sickness and miasma.
Your stone body is resilient. (AC +2)
You are immune to poison.
You resist negative energy. (rN+)
You are resistant to electric shocks. (rElec)
You are resistant to unholy torment.
You are immune to petrification.


   Skills:
 - Level 3.2 Fighting
 + Level 2.4 Axes
 - Level 1.5 Dodging
 - Level 5.4 Stealth


You had one spell level left.
You didn't know any spells.
Your spell library was empty.

Inventory:

Hand Weapons
 a - a +0 hand axe (weapon)
Armour
 b - a +0 leather armour (worn)
 h - a +0 chain mail
Wands
 g - a wand of digging (3)
Scrolls
 c - a scroll of fog
 d - a scroll of magic mapping
 e - a scroll of fear
Potions
 f - a potion of haste

Dungeon Overview and Level Annotations

Branches:
Dungeon (5/15)
 Temple: D:4-7

Altars:


Message History

The orc moves out of view.
Enter note:
331 ||| Stepping ~*~*~tactically~*~*~ (hiding).
You start waiting.
An orc is nearby!
An orc comes into view. It is wielding a +0 trident.
The orc shouts!
The orc closely misses you.
The orc shouts!
You hit the orc.
The orc is lightly wounded.
You hear a shout!
An orc comes into view. It is wielding a +0 hand axe.
The orc hits you with a +0 trident.
The orc shouts!
You closely miss the orc.
The orc is lightly wounded.
The orc hits you with a +0 trident.
You hit the orc.
The orc is heavily wounded.
You barely miss the orc.
The orc is heavily wounded.
The orc hits you with a +0 trident.
You hit the orc.
The orc is almost dead.
You closely miss the orc. The orc hits you but does no damage.
The orc hits you with a +0 trident. The orc barely misses you.
The orc closely misses you. x2
The orc hits you with a +0 antimagic flail.
You feel your power leaking away.
You completely miss the orc.
The orc is almost dead.
You hit the orc.
The orc hits you from afar with a +0 trident.
The orc barely misses you. x2
You hit the orc.
You kill the orc!
You barely miss the orc.
The orc hits you with a +0 antimagic flail.
You die...

#.... #..... ......
## #...... ...#
##.......
.oo##........
#oo).......
#@....... ...#
#........ ....#
##........ .....#
##....>.... ......
#..........
......###..........
.......#.......#...
..............#....
.#####)....###..##


You could see 4 orcs.

Vanquished Creatures
  An ufetubus (D:5)
  2 orcs (D:5)
3 creatures vanquished.

Notes
Turn   | Place    | Note
-------+----------+-------------------------------------------
     0 | D:5      | qw the Gargoyle Delver began the quest for the Orb.
     0 | D:5      | Reached XP level 1. HP: 14/14 MP: 1/1
     0 | D:5      | 0 ||| qw: Version: 0.1-a-116-g5d60599
     0 | D:5      | 0 ||| qw: Game counter: 8227
     0 | D:5      | 0 ||| qw: Always use a shield: true
     0 | D:5      | 0 ||| qw: God list: Okawaru
     0 | D:5      | 0 ||| qw: Allow faded altars: false
     0 | D:5      | 0 ||| qw: Do Orc after D:15 true
     0 | D:5      | 0 ||| qw: Do second Lair branch before Depths: true
     0 | D:5      | 0 ||| qw: Lair rune preference: random
     0 | D:5      | 0 ||| qw: Plans: Normal
     0 | D:5      | 0 ||| PLANNING D:1-11
    16 | D:5      | HP: 3/14 [ufetubus (1)]
    36 | D:5      | 36 ||| Stepping ~*~*~tactically~*~*~ (stealth).
    39 | D:5      | HP: 1/14 [orc/+0 hand axe (3)]
    42 | D:5      | Reached XP level 2. HP: 2/19 MP: 2/2
   331 | D:5      | 331 ||| Stepping ~*~*~tactically~*~*~ (hiding).
   341 | D:5      | HP: 2/19 [orc/+0 antimagic flail (6)]
   343 | D:5      | Slain by an orc

Levels and vault maps discovered:
D:5:      layout_cave_pods, mainiacjoe_overflow_24_doors

Skill      XL: |  1 |
---------------+----+-----
Axes           | 2 |  2.4
Fighting       | |  3.2
Dodging        | |  1.5
Stealth        | |  5.4

Action                   || total
-------------------------++-------
Melee: Hand axe          ||    18
Armor: Leather armour    ||     8
Dodge: Dodged            ||    17

Table legend:
 A = Non-vault XP
 B = Vault XP
 C = Vault XP percentage of total XP
 D = Non-vault monster count
 E = Vault monster count
 F = Vault count percentage of total count
                 A         B        C        D         E       F
            +---------+---------+-------+---------+---------+-------
      Total |      14 |       0 |   0.0 |       3 |       0 |   0.0
            +---------+---------+-------+---------+---------+-------
        D:5 |      14 |       0 |   0.0 |       3 |       0 |   0.0
            +---------+---------+-------+---------+---------+-------
